 Dungeon Crawl Stone Soup version 0.17-a0-1793-gcbb3aa1 (webtiles) character file.

44 4thArraOfDagon the Firebug (level 3, -1/19 HPs)
             Began as a Tengu Fire Elementalist on Sept 9, 2015.
             Slain by an ogre
             ... wielding a +0 giant club
              (16 damage)
             ... on level 6 of the Dungeon.
             The game lasted 00:03:21 (463 turns).

4thArraOfDagon the Firebug (Tengu Fire Elementalist) Turns: 463, Time: 00:03:21

Health: -1/19      AC:  2    Str:  8    XL:     3   Next: 60%
Magic:  4/8        EV: 12    Int: 16    God:
Gold:   39         SH:  0    Dex: 14    Spells: 2 memorised, 3 levels left

rFire  . . .     SeeInvis .     e - +0 quarterstaff
rCold  . . .     Clarity  .     a - +0 robe
rNeg   . . .     SustAt   .     (no shield)
rPois  .         Gourm    .     (helmet restricted)
rElec  .         Spirit   .     (no cloak)
rCorr  .         Warding  .     (no gloves)
rMut   .         Stasis   .     (boots unavailable)
MR     .....                    (no amulet)
Stlth  ++........               (no ring)
                                (no ring)

@: very slightly contaminated, not resistant to hostile enchantments, unstealthy
A: beak, talons 3
a: no special abilities


You were on level 6 of the Dungeon.
You were not hungry.

You visited 1 branch of the dungeon, and saw 6 of its levels.

You collected 39 gold pieces.

Inventory:

Hand weapons
 e - a +0 quarterstaff (weapon)
Armour
 a - a +0 robe (worn)
Potions
 f - a potion of berserk rage
Books
 b - a book of Flames

   Spells                             Type                      Level
   a - Flame Tongue                   Conjuration/Fire             1
   b - Throw Flame                    Conjuration/Fire             2
   c - Conjure Flame                  Conjuration/Fire             3
   d - Inner Flame                    Hexes/Fire                   3
   e - Sticky Flame                   Conjuration/Fire             4
   f - Fireball                       Conjuration/Fire             5
 d - a Grand Grimoire

   Spells                             Type                      Level
   a - Monstrous Menagerie            Summoning                    6
   b - Summon Greater Demon           Summoning                    7
   c - Malign Gateway                 Summoning/Translocation      7
   d - Summon Horrible Things         Summoning                    8
Comestibles
 c - a bread ration
 g - 4 chunks of flesh


   Skills:
 - Level 2.1 Dodging
 - Level 2.0 Stealth
 * Level 2.9 Spellcasting
 + Level 2.3 Conjurations
 + Level 3.8 Fire Magic


You had 3 spell levels left.
You knew the following spells:

 Your Spells              Type           Power        Failure   Level  Hunger
a - Flame Tongue          Conj/Fire      ##...        8%          1    #......
b - Conjure Flame         Conj/Fire      ##......     17%         3    ###....


Dungeon Overview and Level Annotations

Branches:
Dungeon (6/15)
 Temple: D:4-7

Altars:
Trog

Annotations:
D:5 Prince Ribbit


Innate Abilities, Weirdness & Mutations

You have a beak for a mouth.
You have claws for feet.


Message History

You miscast Conjure Flame.
You are very lightly contaminated with residual magic.
Wisps of smoke drift from your hands.
Your magical contamination has completely faded away.
Casting: Conjure Flame
Confirm with . or Enter, or press ? or * to list all spells.
Aiming: Conjure Flame
Press: ? - help, Dir - move target cursor The fire roars!
Casting: Conjure Flame
Confirm with . or Enter, or press ? or * to list all spells.
Aiming: Flame Tongue
Press: ? - help, Shift-Dir - straight line, f - ogre
Aim: an ogre, wielding a giant club (flame)
You miscast Flame Tongue.
You are very lightly contaminated with residual magic.
The air around you crackles with energy!
The ogre is engulfed in roaring flames.
The ogre hits you with a giant club!
Ouch! That really hurt!
You die...

############
#..........#
#..........#
#########...)......#
#..<.....###...#####
#........###.#.#
##........##..#.#
#.........@O.##.#
#.####.##>#### .#
##.# #...<# .#
#..+.g#..### .## .
#..#.g#.####....
....#..####....O....
#............####....
#..####.#............
# #......########


You could see an ogre.

Vanquished Creatures
  A hound skeleton (D:4)
  A worker ant zombie (D:6)
  An adder skeleton (D:6)
  A giant gecko (D:5)
  4 orcs
  2 goblins
  2 kobolds
  A bat (D:1)
13 creatures vanquished.

Vanquished Creatures (others)
  An orc (D:4)
1 creature vanquished.

Grand Total: 14 creatures vanquished

Notes
Turn   | Place    | Note
--------------------------------------------------------------
     0 | D:1      | 4thArraOfDagon the Tengu Fire Elementalist began the quest for the Orb.
     0 | D:1      | Reached XP level 1. HP: 10/10 MP: 4/4
   202 | D:5      | Entered Level 5 of the Dungeon
   205 | D:5      | Noticed an ogre
   246 | D:4      | Reached XP level 2. HP: 9/15 MP: 0/6
   276 | D:4      | Reached XP level 3. HP: 12/19 MP: 0/7
   281 | D:4      | Learned a level 3 spell: Conjure Flame
   314 | D:4      | Noticed an orc wizard
   317 | D:4      | Noticed an orc wizard
   320 | D:5      | Noticed Prince Ribbit
   323 | D:4      | Noticed an orc wizard
   328 | D:5      | Found a bloodstained altar of Trog.
   390 | D:6      | Noticed an ogre
   463 | D:6      | Slain by an ogre

Vault maps used:
D:1:      elethiomel_arrival_infinity_welcomes_careful_drivers
D:2:      gammafunk_temple_overflow_claw, uniq_sigmund, uniq_crazy_yiuf_cottage
D:3:      gammafunk_temple_overflow_elements, lemuel_doored_altar, first_bread
D:4:      corexii_shack_village, lemuel_temple_firewalk_marked,
          kennysheep_flooded_box, kennysheep_potato
D:5:      basic_altar, bloody_trog, uniq_prince_ribbit1, uniq_pikel,
          uniq_grinder, uniq_edmund
D:6:      serial_shops, nicolae_shop_statue_plus, sigmund_army, uniq_duvessa

Action                   || total
-------------------------++-------
Melee: Quarterstaff      ||     3
 Cast: Flame Tongue      ||    15
       Conjure Flame     ||     2
  Use: Potion            ||     3
       Scroll            ||     2
